 Dungeon Crawl Stone Soup version 0.31-a0-700-gf13585253f (webtiles) character file.

Game seed: 836070287047042114

14 qw the Shooter (level 2, -1/17 HPs)
             Began as a Gargoyle Hunter on Sept 7, 2023.
             Slain by a quokka (4 damage)
             ... on level 1 of the Dungeon.
             The game lasted 00:00:07 (326 turns).

qw the Shooter (Gargoyle Hunter)                     Turns: 326, Time: 00:00:08

Health: -1/17      AC:  5    Str: 14    XL:     2   Next: 45%
Magic:  2/2        EV: 11    Int:  9    God:
Gold:   64         SH:  0    Dex: 13    Spells: 1/1 levels left

rFire   . . .        a - +0 shortbow
rCold   . . .        (shield currently unavailable)
rNeg    + . .        c - +0 leather armour
rPois   inf          (no helmet)
rElec   +            (no cloak)
rCorr   .            (no gloves)
SInv    .            (no boots)
Will    .....        (no amulet)
Stlth   +            (no ring)
HPRegen 0.22/turn    (no ring)
MPRegen 0.08/turn

%: no passive effects
@: no status effects
A: sickness immunity, AC +2, negative energy resistance 1, electricity
resistance, torment resistance 1, petrification resistance
a: no special abilities


You were on level 1 of the Dungeon.
You visited 1 branch of the dungeon, and saw 1 of its levels.

You collected 64 gold pieces.


Innate Abilities, Weirdness & Mutations

You are immune to sickness and miasma.
Your stone body is resilient. (AC +2)
You are immune to poison.
You resist negative energy. (rN+)
You are resistant to electric shocks. (rElec)
You are resistant to unholy torment.
You are immune to petrification.


   Skills:
 - Level 2.1 Fighting
 + Level 4.6 Ranged Weapons
 - Level 1.5 Dodging
 - Level 1.1 Stealth


You had one spell level left.
You didn't know any spells.
Your spell library was empty.

Inventory:

Hand Weapons
 a - a +0 shortbow (weapon)
Armour
 c - a +0 leather armour (worn)
Jewellery
 g - a ring of wizardry
Scrolls
 b - a scroll of butterflies
 d - a scroll of summoning {unknown}
Potions
 e - 2 potions of mutation {unknown}
 f - a potion of curing {unknown}

Dungeon Overview and Level Annotations

Branches:
Dungeon (1/15)

Altars:


Message History

The ball python misses you. The ball python barely misses you.
You shoot an arrow.
The arrow closely misses the ball python.
The ball python bites you but does no damage.
The ball python grabs you. The ball python constricts you.
You shoot an arrow.
The arrow closely misses the ball python.
The ball python barely misses you. The ball python constricts you.
The ball python barely misses you. The ball python constricts you.
You shoot an arrow.
The arrow barely misses the ball python.
The quokka barely misses you. The ball python closely misses you.
The ball python constricts you. The quokka closely misses you.
You shoot an arrow.
The arrow barely misses the ball python.
The ball python bites you. The ball python constricts you.
The quokka bites you.
You shoot an arrow.
The arrow hits the ball python but does no damage.
The ball python bites you but does no damage.
The ball python constricts you.
The quokka bites you but does no damage.
The ball python bites you. The ball python constricts you.
The quokka bites you but does no damage.
You shoot an arrow. The arrow hits the ball python.
You kill the ball python!
A bat comes into view.
The quokka closely misses you.
The bat moves out of view.
You shoot an arrow. The arrow closely misses the quokka.
The quokka closely misses you. The quokka bites you.
You shoot an arrow. The arrow barely misses the quokka.
The quokka barely misses you.
You shoot an arrow. The arrow closely misses the quokka.
The quokka bites you but does no damage.
The quokka closely misses you.
You shoot an arrow. The arrow closely misses the bat.
The bat hits you but does no damage. The quokka closely misses you.
You shoot an arrow. The arrow closely misses the quokka.
The bat hits you but does no damage. The quokka misses you.
The quokka bites you.
You die...

# #.....# #.# #.# #
###.#.# #.# #.# # #)#.#
#.# #.# # #.#.# #.# #.#
# #.#.# #.. #.# # #.#.#
### #.# . # #.#.# # #.#
...
######.#.#####.#.##?....
'......# .......@.)....#
######## #####...rb..#.#
# ##......# # #......#
#......# # #......+
....$...( # #......#
###....$#.# #......#
#.###.#.# #.....)# ...
.# #......#


You could see a quokka and a bat.

Vanquished Creatures
  3 ball pythons (D:1)
  3 endoplasms (D:1)
  A hobgoblin (D:1)
  A quokka (D:1)
  2 goblins (D:1)
  3 kobolds (D:1)
13 creatures vanquished.

Notes
Turn   | Place    | Note
-------+----------+-------------------------------------------
     0 | D:1      | qw the Gargoyle Hunter began the quest for the Orb.
     0 | D:1      | Reached XP level 1. HP: 12/12 MP: 1/1
     0 | D:1      | 0 ||| qw: Version: 0.3-a-76-g4403597
     0 | D:1      | 0 ||| qw: Game counter: 679
     0 | D:1      | 0 ||| qw: Melee chars always use a shield: true
     0 | D:1      | 0 ||| qw: God list: Okawaru
     0 | D:1      | 0 ||| qw: Allow faded altars: false
     0 | D:1      | 0 ||| qw: Do Orc after clearing Dungeon:15 true
     0 | D:1      | 0 ||| qw: Do second Lair branch before Depths: true
     0 | D:1      | 0 ||| qw: Lair rune preference: random
     0 | D:1      | 0 ||| qw: Goals: Normal
     0 | D:1      | 0 ||| PLANNING D:1-11
    88 | D:1      | Found a faded altar of an unknown god.
   175 | D:1      | Reached XP level 2. HP: 17/17 MP: 2/2
   322 | D:1      | HP: 2/17 [quokka (3)]
   326 | D:1      | Slain by a quokka

Levels and vault maps discovered:
D:1:      amcnicky_arrival_feature_with_door, layout_basic,
          basic_ecumenical_altar

Action                     || total
---------------------------++-------
   Fire: Shortbow          ||    39
 Armour: Leather armour    ||    14
  Dodge: Dodged            ||    16

Table legend:
 A = Non-vault XP
 B = Vault XP
 C = Vault XP percentage of total XP
 D = Non-vault monster count
 E = Vault monster count
 F = Vault count percentage of total count
                 A         B        C        D         E       F
            +---------+---------+-------+---------+---------+-------
      Total |      21 |       0 |   0.0 |      13 |       0 |   0.0
            +---------+---------+-------+---------+---------+-------
        D:1 |      21 |       0 |   0.0 |      13 |       0 |   0.0
            +---------+---------+-------+---------+---------+-------
